 Dungeon Crawl Stone Soup version 0.20.1-1-g8b1a95d (webtiles) character file.

16 letownia2 the Grave Robber (level 2, 0/22 HPs)
             Began as a Deep Dwarf Necromancer on Nov 14, 2017.
             Slain by a worker ant (3 damage)
             ... on level 4 of the Dungeon.
             The game lasted 00:02:53 (1358 turns).

letownia2 the Grave Robber (Deep Dwarf Necromancer) Turns: 1358, Time: 00:02:54

Health: 0/22       AC:  5    Str: 11    XL:     2   Next: 41%
Magic:  0/5        EV: 11    Int: 15    God:
Gold:   131        SH:  0    Dex: 13    Spells: 4/5 levels left

rFire    . . .     SeeInvis .   a - +0 dagger
rCold    . . .     Gourm    .   (no shield)
rNeg     . . .     Faith    .   k - +0 ring mail
rPois    .         Spirit   .   (no helmet)
rElec    .         Reflect  .   (no cloak)
rCorr    .         Harm     .   (no gloves)
MR       .....                  (no boots)
Stlth    +.........             (no amulet)
Regen    0.0/turn               (no ring)
MPRegen  0.1/turn               (no ring)

@: lethally poisoned (0 -> 0), very slightly contaminated, non-regenerating
A: damage resistance, heal wounds, sense surroundings 1, no regeneration
a: Heal Wounds


You were on level 4 of the Dungeon.
You were hungry.

You visited 1 branch of the dungeon, and saw 4 of its levels.

You collected 131 gold pieces.

Inventory:

Hand Weapons
 a - a +0 dagger (weapon)
Armour
 k - a +0 ring mail (worn)
Scrolls
 f - 4 scrolls of enchant weapon {unknown}
 g - 2 scrolls of identify {unknown}
Potions
 d - a potion of haste {unknown}
 e - a potion of invisibility {unknown}
 j - 2 potions of berserk rage {unknown}
 l - a potion of agility {unknown}
Books
 b - a book of Necromancy

   Spells                             Type                      Level
   a - Pain                           Necromancy                   1
   b - Animate Skeleton               Necromancy                   1
   c - Vampiric Draining              Necromancy                   3
   d - Regeneration                   Charms/Necromancy            3
   e - Animate Dead                   Necromancy                   4
   f - Control Undead                 Necromancy                   4
Comestibles
 c - a bread ration
 h - a meat ration
 i - a royal jelly


   Skills:
 - Level 2.1 Dodging
 - Level 2.5 Stealth
 + Level 2.1 Spellcasting
 + Level 4.8 Necromancy


You had 4 spell levels left.
You knew the following spells:

 Your Spells              Type           Power        Failure   Level  Hunger
a - Pain                  Necr           ###.         8%          1    #......


Dungeon Overview and Level Annotations

Branches:
Dungeon (4/15)
 Temple: D:4-7

Altars:
Nemelex Xobeh

Annotations:
D:4 exclusions: quasit, 2 scorpions and 2 worker ants


Innate Abilities, Weirdness & Mutations

You are resistant to damage.
You can heal yourself by infusing magical energy.
You passively map a small area around you.
You do not regenerate.


Message History

Aim: a worker ant (moderately wounded, chance to defeat MR: 81%)
You miscast Pain.
You are very lightly contaminated with residual magic.
Nothing appears to happen.
The worker ant bites you.
* * * LOW HITPOINT WARNING * * *
You are poisoned.
The worker ant poisons you! The worker ant misses you.
Unknown command.
Casting: Pain
Confirm with . or Enter, or press ? or * to list all spells.
Aiming: Pain
Press: ? - help, Shift-Dir - straight line, f/p - worker ant
Aim: a worker ant (moderately wounded, chance to defeat MR: 81%)
The worker ant writhes in agony!
The worker ant closely misses you.
Unknown command.
Unknown command.
You barely miss the worker ant.
The worker ant is heavily wounded.
The worker ant bites you.
You die...

#.# #.* #.# #.# , #.# #.*
#.# #.# #.# #.###.# #.# ,
#.# ..##.######.# * #.#
#.##.....##.######## * #.#
#####.##.###...........###.
#.# #........#
#.##.#.......... #.#
#..##.##.###.##.#.####.####
#.# #..##.##.a@..##.#.# *
#.#####..##.#########.#.#
*, #...........# #.#.# *
#>.####..#### #.#?# #..#
#..# *#.#.#* *, ...# #..# ,
... ,* , ...# #..# * .##..
, #######..###### *#.* ...*
, ##.........## #, ...., ,


You could see a worker ant.

Vanquished Creatures
  A dart slug (D:3)
  A leopard gecko (D:2)
  A giant cockroach (D:3)
  2 goblins
  3 jackals (D:4)
  A quokka (D:4)
  3 kobolds
  A toadstool (D:1)
13 creatures vanquished.

Notes
Turn   | Place    | Note
-------+----------+-------------------------------------------
     0 | D:1      | letownia2 the Deep Dwarf Necromancer began the quest for the Orb.
     0 | D:1      | Reached XP level 1. HP: 15/15 MP: 3/3
   305 | D:3      | Reached XP level 2. HP: 22/22 MP: 2/4
   634 | D:4      | Noticed a scorpion
  1008 | D:4      | Found a sparkling altar of Nemelex Xobeh.
  1186 | D:4      | Noticed a scorpion
  1358 | D:4      | Slain by a worker ant

Skill      XL: |  1  2 |
---------------+-------+-----
Spellcasting   | 2 |  2.1
Dodging        | |  2.1
Stealth        | |  2.5
Necromancy     | |  4.8

Action                   || total
-------------------------++-------
Melee: Unarmed           ||     4
       Dagger            ||     1
 Cast: Pain              ||    31
  Eat: Chunk             ||     1
Armor: Robe              ||     4
Dodge: Dodged            ||    20
